 Dungeon Crawl Stone Soup version 0.19.0-2-gae57169 (webtiles) character file.

70482 dobroeutro the Bludgeoner (level 15, -9/96 HPs)
             Began as a Gargoyle Fighter on Nov 4, 2016.
             Was the Champion of Okawaru.
             Mangled by an ice devil (22 damage)
             ... summoned by an orc high priest
             ... on level 2 of the Orcish Mines.
             The game lasted 00:42:15 (21750 turns).

dobroeutro the Bludgeoner (Gargoyle Fighter)       Turns: 21750, Time: 00:42:17

Health: -9/96      AC: 33    Str: 25 (28) XL:     15   Next: 33%
Magic:  19/19      EV: 14    Int: 11      God:    Okawaru [******]
Gold:   1905       SH: 19    Dex: 11 (12) Spells: 0 memorised, 14 levels left

rFire  + . .     SeeInvis .     S - +8 whip "Snakebite" {curare, rPois}
rCold  . . .     Gourm    .     y - quicksilver dragon scales
rNeg   + . .     Faith    .     v - +5 shield "Yhamighu" {Int+2}
rPois  ∞         Spirit   .     V - +1 hat
rElec  +         Reflect  +     K - +2 cloak {+Inv}
rCorr  .         Harm     .     Y - +2 pair of gloves {Str+3}
MR     +++..     Rnd*Rage +     (no boots)
Stlth  +......... Rnd*Tele +    O - +2 amulet of reflection
                                N - ring of protection from magic
                                F - ring of protection from fire

@: exhausted, slowed, very slow
A: big wings, thin skeletal structure 1, berserk 1, blurry vision 1,
deterioration 1, negative energy resistance 1, electricity resistance,
teleportitis 1, unbreathing, petrification resistance, rot immunity, AC +11
a: Fly, Heroism, Finesse, Renounce Religion, Evoke Invisibility


You were on level 2 of the Orcish Mines.
You worshipped Okawaru.
Okawaru was exalted by your worship.
You were not hungry.

You visited 4 branches of the dungeon, and saw 21 of its levels.

You collected 1905 gold pieces.

Inventory:

Hand Weapons
 G - a +4 flail
 S - the +8 whip "Snakebite" (weapon) {curare, rPois}
   (You found it on level 2 of the Lair of Beasts)

   It poisons the flesh of those it strikes.
   It protects you from poison.
Armour
 r - the +3 buckler "Nofanoz" {Regen+ Int-2 Dex+2}
   (You found it on level 6 of the Lair of Beasts)

   It affects your intelligence (-2).
   It affects your dexterity (+2).
   It increases your rate of regeneration.
 v - the +5 shield "Yhamighu" (worn) {Int+2}
   (Okawaru gifted it to you on level 4 of the Lair of Beasts)

   It affects your intelligence (+2).
 y - quicksilver dragon scales (worn)
 K - a +2 cloak of invisibility (worn)
 L - a +1 scale mail of cold resistance
 M - a +1 chain mail of fire resistance
 V - a +1 hat (worn)
 Y - a +2 pair of gloves of strength (worn)
Rods
 Q - a -2 rod of ignition (14/14)
   (You took it off an orc on level 11 of the Dungeon)
 T - a -3 rod of shadows (11/11)
   (You found it on level 10 of the Dungeon)
Jewellery
 n - an uncursed ring of protection from fire
 F - a ring of protection from fire (left hand)
 N - a ring of protection from magic (right hand)
 O - a +2 amulet of reflection (around neck)
Wands
 a - a wand of paralysis (13/24)
 e - a wand of disintegration (10/24)
 u - a wand of heal wounds (1/9)
 D - a wand of digging (7/24)
 R - a wand of teleportation (0/9)
 W - a wand of lightning (1/15)
Scrolls
 b - 4 scrolls of fear
 c - 2 scrolls of recharging
 h - 11 scrolls of remove curse
 i - 3 scrolls of enchant armour
 j - 3 scrolls of immolation
 k - 4 scrolls of amnesia
 m - 4 scrolls of magic mapping
 p - 2 scrolls of enchant weapon
 t - a scroll of identify
 I - 5 scrolls of teleportation
 U - 4 scrolls of vulnerability
Potions
 d - 5 potions of might
 l - 5 potions of heal wounds
 o - 5 potions of cancellation
 s - a potion of magic
 w - 10 potions of curing
 x - 2 potions of mutation
 z - 7 potions of lignification
 A - a potion of resistance
 B - 4 potions of flight
 C - a potion of brilliance
 H - a potion of berserk rage {unknown}
 J - 2 potions of haste
 P - 2 potions of agility
 X - 2 potions of invisibility
 Z - a potion of cure mutation {unknown}
Comestibles
 f - 15 bread rations
 g - 11 meat rations
 q - 23 fruits
 E - 3 chunks of flesh


   Skills:
 + Level 12.1 Fighting
 * Level 15.1 Maces & Flails
 + Level 12.4 Armour
 + Level 9.2 Dodging
 + Level 9.8 Shields
 - Level 5.9 Invocations
 - Level 5.0 Evocations


You had 14 spell levels left.
You didn't know any spells.

Dungeon Overview and Level Annotations

Branches:
Dungeon (12/15)            Temple (1/1) D:4            Lair (6/6) D:11
 Shoals (0/4) Lair:4       Spider (0/4) Lair:3        Slime (0/5) Lair:6
    Orc (2/2) D:12            Elf (0/3) Orc:2

Altars:
Ashenzari
Dithmenos
Gozag
Kikubaaqudgha
Nemelex Xobeh
Okawaru
Qazlal
Ru
Sif Muna
Vehumet
Xom
Zin
The Shining One

Annotations:
Lair:3 exclusion: orb spider


Innate Abilities, Weirdness & Mutations

You are resistant to torment.
Your stone body is resilient. (AC +11)
You are immune to poison.
Your large and strong wings let you fly indefinitely.
You resist negative energy. (rN+)
You are resistant to electric shocks. (rElec)
You can survive without breathing.
You are immune to petrification.
You are immune to rotting.
You have a somewhat thin skeletal structure. (Dex +2, Stealth)
You tend to lose your temper in combat.
Scrolls take you a little longer to read.
Your body sometimes deteriorates upon taking damage.
You are occasionally teleported next to monsters.


Message History

The orc high priest prays to Beogh.
You block the orc knight's attack. You block the orc warrior's attack.
The orc priest shouts!
The orc warrior shouts!
As you read the scroll of fear, it crumbles to dust.
You assume a fearsome visage.
The orc high priest looks frightened!
The ice devil is unaffected.
The orc knight looks frightened!
The soul eater is unaffected. x2; The orc priest looks frightened!
The orc warrior looks frightened! x2; The ice devil is unaffected.
The rust devil is unaffected.
The orc warrior looks frightened! x2
The orc looks frightened!
The orc warrior looks frightened! x2
The orc priest looks frightened! x4; The orc knight looks frightened!
The orc priest looks frightened!
The orc high priest looks frightened!
The orc warrior no longer looks unusually strong.
The orc high priest no longer looks unusually strong.
The orc high priest starts to cry.
The orc priest almost stumbles in trying to escape.
The ice devil hits you.
* * * LOW HITPOINT WARNING * * *
The ice devil freezes you!!
You die...

## ##### ####### #....
###.....### #....
###.........####....
##oo...........##....
#...............#....
#.#o#o#o#o#)#.#.#.#.#.#..
o.3ooo..))...............
o.#o#oo)@)........)......
..443o4.................
#.#.#.#.#.#.#.#.#.#.#....
# #.........).....#....
##.............##....
###.........####....
###.....### #.... #######
#.#.) #####..


You could see 2 orc knights, 2 soul eaters, an orc high priest (fleeing), 2 ice
devils, a rust devil, 4 orc warriors, 4 orc priests and an orc (fleeing).

Vanquished Creatures
  Gastronok (D:11)
  Kirke (Lair:4)
  An orc warlord (Orc:2)
  2 entropy weavers
  A dire elephant (Lair:6)
  The ghost of Yakui the Cleaver, a journeyman MiFi of Uskayaw (Lair:3)
  Josephine (D:12)
  Harold (D:10)
  8 hydras
  2 catoblepae
  A queen ant (Lair:5)
  6 death yaks
  A deep troll shaman (Lair:6)
  2 orc high priests (Orc:2)
  Nergalle (D:11)
  2 unseen horrors (D:12)
  A wizard (D:12)
  2 hill giants
  Pikel (D:9)
  5 orc knights
  A deep elf mage (D:12)
  2 ugly things
  2 orc sorcerers (Orc:2)
  10 elephants
  A cyclops (D:12)
  Joseph (D:8)
  6 black mambas
  7 spiny frogs
  A torpor snail (Lair:6)
  4 rime drakes
  12 komodo dragons
  A merfolk (D:9)
  2 polar bears (Lair:6)
  A hornet (Lair:4)
  A two-headed ogre (D:9)
  5 trolls
  7 hippogriffs
  6 wyverns
  A vampire (D:12)
  2 hogs (Lair:4)
  7 wraiths
  A basilisk (Lair:6)
  33 yaks
  The ghost of motku00 the Poker, an amateur MfGl of Okawaru (D:4)
  22 soldier ants
  2 wargs (Orc:2)
  14 water moccasins
  3 porcupines
  24 orc warriors
  2 black bears
  An eye of draining (D:11)
  7 sky beasts
  2 slaves (D:9)
  2 necrophages
  3 ice beasts
  12 ogres
  4 phantoms
  9 centaurs
  11 wolves
  A big kobold (D:10)
  20 crocodiles
  9 bullfrogs
  A gnoll sergeant (D:6)
  A wyvern zombie (D:12)
  8 scorpions
  5 killer bees
  3 howler monkeys (D:7)
  6 electric eels
  6 crimson imps
  2 bullfrog zombies (D:12)
  A centaur zombie (D:10)
  21 orc priests
  15 hounds
  2 gnoll shamans (D:8)
  5 jellies
  14 orc wizards
  5 bullfrog skeletons
  4 centaur skeletons
  Jessica (D:3)
  Natasha (thrice) (D:2)
  26 worker ants
  A hound zombie (D:9)
  2 hound skeletons
  15 gnolls
  24 adders
  2 shadow imps
  An ooze (D:2)
  An adder zombie (D:6)
  An adder skeleton (D:4)
  2 worms
  4 dart slugs
  5 leopard geckos
  69 orcs
  5 giant cockroaches
  9 goblins
  5 hobgoblins
  18 jackals
  4 quokkas
  A ball python (D:5)
  8 bats
  4 frilled lizards
  A jackal zombie (D:7)
  10 kobolds
  A leopard gecko skeleton (D:4)
  A leopard gecko zombie (D:7)
  10 rats
637 creatures vanquished.

Vanquished Creatures (collateral kills)
  A soldier ant (Lair:6)
1 creature vanquished.

Vanquished Creatures (others)
  A human (Lair:4)
  23 fungi
  15 plants
39 creatures vanquished.

Grand Total: 677 creatures vanquished

Notes
Turn   | Place    | Note
-------+----------+-------------------------------------------
     0 | D:1      | dobroeutro the Gargoyle Fighter began the quest for the Orb.
     0 | D:1      | Reached XP level 1. HP: 14/14 MP: 1/1
    53 | D:1      | Reached XP level 2. HP: 14/19 MP: 2/2
   359 | D:1      | Reached XP level 3. HP: 21/23 MP: 3/3
   470 | D:1      | Reached skill level 1 in Dodging
  1018 | D:2      | Noticed Natasha
  1026 | D:2      | Killed Natasha
  1026 | D:2      | Reached skill level 3 in Maces & Flails
  1026 | D:2      | Reached XP level 4. HP: 19/28 MP: 4/4
  1166 | D:2      | Noticed Natasha
  1904 | D:2      | Killed Natasha
  1961 | D:2      | Noticed Natasha
  1979 | D:2      | Killed Natasha
  1979 | D:2      | Reached XP level 5. HP: 28/33 MP: 5/5
  2024 | D:2      | Found a sparkling altar of Nemelex Xobeh.
  2477 | D:3      | Noticed Jessica
  2481 | D:3      | Killed Jessica
  2481 | D:3      | Reached skill level 4 in Maces & Flails
  2896 | D:4      | Noticed motku00's ghost (amateur MfGl)
  2976 | D:4      | Killed motku00's ghost
  2976 | D:4      | Reached XP level 6. HP: 18/39 MP: 6/6
  3073 | D:4      | Found an opulent altar of Gozag.
  3074 | D:4      | Found an iron altar of Okawaru.
  3083 | D:4      | Found a staircase to the Ecumenical Temple.
  3102 | Temple   | Entered the Ecumenical Temple
  3115 | D:4      | Became a worshipper of Warmaster Okawaru
  3284 | D:4      | Reached skill level 5 in Maces & Flails
  3284 | D:4      | Reached XP level 7. HP: 20/44 MP: 7/7
  3384 | D:4      | Reached skill level 5 in Armour
  3485 | D:4      | Found a sparkling altar of Nemelex Xobeh.
  3526 | D:5      | Entered Level 5 of the Dungeon
  3534 | D:5      | Reached skill level 5 in Fighting
  3549 | D:5      | Reached * piety under Okawaru
  3724 | D:5      | Gained mutation: You evolve. [mutagenic meat]
  3725 | D:5      | Gained mutation: Your spells are a little easier to cast, but a little less powerful. [mutagenic meat]
  3726 | D:5      | Gained mutation: Your body sometimes deteriorates upon taking damage. [mutagenic meat]
  3840 | D:5      | Found a stormy altar of Qazlal.
  3856 | D:5      | Reached XP level 8. HP: 50/50 MP: 8/8
  3866 | D:5      | Reached skill level 6 in Maces & Flails
  4481 | D:6      | Reached ** piety under Okawaru
  4795 | D:6      | Reached skill level 7 in Maces & Flails
  4994 | D:7      | Gained mutation: You have a somewhat thin skeletal structure. (Dex +2, Stealth) [mutagenic meat]
  5045 | D:7      | Reached XP level 9. HP: 36/56 MP: 9/9
  5163 | D:7      | Found a glowing silver altar of Zin.
  5777 | D:8      | Noticed Joseph
  5910 | D:7      | Reached *** piety under Okawaru
  5910 | D:7      | Reached skill level 8 in Maces & Flails
  6031 | D:8      | Killed Joseph
  6360 | D:8      | Reached skill level 9 in Maces & Flails
  6775 | D:8      | Reached XP level 10. HP: 63/63 MP: 10/10
  6937 | D:8      | Gained mutation: You are agile. (Dex +2) [mutagenic meat]
  6938 | D:8      | Lost mutation: Your spells are a little easier to cast, but a little less powerful. [mutagenic meat]
  6939 | D:8      | Gained mutation: Scrolls take you a little longer to read. [mutagenic meat]
  6940 | D:8      | Lost mutation: You are agile. (Dex +2) [mutagenic meat]
  7061 | D:8      | Noticed a red ugly thing
  7072 | D:8      | Reached **** piety under Okawaru
  7088 | D:8      | Killed a red ugly thing
  7088 | D:8      | Reached skill level 5 in Dodging
  7594 | D:9      | Found a sacrificial altar of Ru.
  7731 | D:9      | Reached skill level 10 in Maces & Flails
  7750 | D:9      | Gained mutation: You are covered in fur. (AC +1) [mutagenic meat]
  7775 | D:9      | Reached ***** piety under Okawaru
  7836 | D:9      | Found an ancient bone altar of Kikubaaqudgha.
  7837 | D:9      | Found a deep blue altar of Sif Muna.
  7837 | D:9      | Found a shadowy altar of Dithmenos.
  7837 | D:9      | Found a radiant altar of Vehumet.
  7862 | D:9      | Got a faintly glowing long sword
  7863 | D:9      | Identified the +6 long sword of Baseusm {freeze, rElec Dex+4} (You found it on level 9 of the Dungeon)
  7868 | D:9      | Found a shattered altar of Ashenzari.
  7873 | D:9      | Found a glowing golden altar of the Shining One.
  7915 | D:9      | Noticed Pikel
  7942 | D:9      | Killed Pikel
  8163 | D:10     | Entered Level 10 of the Dungeon
  8200 | D:10     | Reached XP level 11. HP: 69/69 MP: 11/11
  8382 | D:10     | Noticed Harold
  8412 | D:10     | Killed Harold
  8412 | D:10     | Received a gift from Okawaru
  8422 | D:10     | Reached skill level 11 in Maces & Flails
  8920 | D:10     | Noticed a hill giant
  8934 | D:10     | Killed a hill giant
  9193 | D:11     | Noticed Nergalle
  9332 | D:11     | Noticed a hill giant
  9333 | D:11     | Found a staircase to the Lair.
  9339 | D:11     | Noticed a seven-headed hydra
  9361 | D:11     | Killed a hill giant
  9377 | D:11     | Killed a seven-headed hydra
  9447 | D:11     | Noticed a red ugly thing
  9460 | D:11     | Killed a red ugly thing
  9466 | D:11     | Gained mutation: You are occasionally teleported next to monsters. [mutagenic meat]
  9467 | D:11     | Gained mutation: You are weak. (Str -2) [mutagenic meat]
  9573 | D:11     | Reached skill level 5 in Shields
 10101 | D:11     | Reached XP level 12. HP: 73/76 MP: 12/12
 10115 | D:11     | Killed Nergalle
 10135 | D:11     | Noticed Gastronok
 10163 | D:11     | Killed Gastronok
 10163 | D:11     | Reached skill level 12 in Maces & Flails
 10163 | D:11     | Reached skill level 10 in Armour
 10513 | D:11     | Received a gift from Okawaru
 10524 | D:11     | Got a steaming robe {god gift}
 11028 | D:12     | Noticed a soul eater
 11033 | D:12     | Reached skill level 10 in Fighting
 11129 | D:12     | Noticed Josephine
 11148 | D:12     | Killed Josephine
 11558 | D:12     | Lost mutation: You are covered in fur. (AC +1) [evolution]
 11730 | D:12     | Found a staircase to the Orcish Mines.
 11916 | D:12     | Found a glowing silver altar of Zin.
 12382 | Lair:1   | Entered Level 1 of the Lair of Beasts
 12550 | Lair:1   | Reached skill level 13 in Maces & Flails
 12559 | Lair:1   | Identified a -3 rod of shadows (11/11) (You found it on level 10 of the Dungeon)
 12941 | Lair:1   | Reached XP level 13. HP: 74/83 MP: 13/13
 12951 | Lair:1   | Reached skill level 1 in Invocations
 13305 | Lair:1   | Reached skill level 1 in Evocations
 13610 | Lair:2   | Received a gift from Okawaru
 14754 | Lair:3   | Noticed Yakui's ghost (journeyman MiFi)
 14828 | Lair:3   | Killed Yakui's ghost
 15207 | Lair:3   | Found a hole to the Spider Nest.
 15623 | Lair:4   | Found a staircase to the Shoals.
 15676 | Lair:4   | Noticed Kirke
 15841 | Lair:4   | Killed Kirke
 15841 | Lair:4   | Reached ****** piety under Okawaru
 16137 | Lair:4   | Received a gift from Okawaru
 16144 | Lair:4   | Got a spiked shield {god gift}
 16155 | Lair:4   | Identified the +5 shield "Yhamighu" {Int+2} (Okawaru gifted it to you on level 4 of the Lair of Beasts)
 16987 | Lair:5   | Found a shimmering altar of Xom.
 17019 | Lair:5   | Lost mutation: You are weak. (Str -2) [evolution]
 17094 | Lair:5   | Gained mutation: Your large and strong wings let you fly indefinitely. [Gargoyle growth]
 17094 | Lair:5   | Reached XP level 14. HP: 84/90 MP: 17/17
 17286 | Lair:6   | Entered Level 6 of the Lair of Beasts
 17432 | Lair:6   | Reached skill level 14 in Maces & Flails
 17598 | Lair:6   | Reached skill level 5 in Invocations
 17833 | Lair:5   | Gained mutation: You tend to lose your temper in combat. [evolution]
 17833 | Lair:5   | Lost mutation: You evolve. [end of evolution]
 18099 | Lair:6   | Received a gift from Okawaru
 18134 | Lair:6   | Noticed an entropy weaver
 18243 | Lair:5   | Killed an entropy weaver
 18635 | Lair:6   | Found a staircase to the Slime Pits.
 18721 | Lair:6   | Noticed an entropy weaver
 19017 | Lair:6   | Killed an entropy weaver
 19017 | Lair:6   | Received a gift from Okawaru
 19148 | Lair:6   | Got a translucent buckler
 19159 | Lair:6   | Identified the +3 buckler "Nofanoz" {Regen+ Int-2 Dex+2} (You found it on level 6 of the Lair of Beasts)
 19616 | Lair:6   | Noticed a dire elephant
 19632 | Lair:6   | Killed a dire elephant
 19632 | Lair:6   | Reached skill level 5 in Evocations
 20320 | D:11     | Reached XP level 15. HP: 87/96 MP: 19/19
 20361 | Orc:1    | Entered Level 1 of the Orcish Mines
 20687 | Orc:2    | Entered Level 2 of the Orcish Mines
 20797 | Orc:2    | Found a staircase to the Elven Halls.
 21312 | Orc:2    | Noticed an orc warlord
 21411 | Orc:2    | Reached skill level 15 in Maces & Flails
 21612 | Orc:2    | Killed an orc warlord
 21750 | Orc:2    | Mangled by an ice devil

Skill      XL: |  1  2  3  4  5  6  7  8  9 10 11 12 13 14 15 |
---------------+----------------------------------------------+-----
Dodging        | 1 2 3 4 5 6 7 8 9 |  9.2
Maces & Flails | 3 4 5 7 9 10 11 13 14 15 | 15.1
Fighting       | 4 5 6 7 8 9 10 11 12 | 12.1
Armour         | 4 5 6 7 8 9 10 11 12 | 12.4
Shields        | 5 6 8 9 |  9.8
Invocations    | 4 5 |  5.9
Evocations     | 3 5 |  5.0

Action                   |  1- 3 |  4- 6 |  7- 9 | 10-12 | 13-15 || total
-------------------------+-------+-------+-------+-------+-------++-------
Melee: Flail             |   105 |   243 |   405 |   946 |   241 ||  1940
       Whip              |       |       |       |       |  1294 ||  1294
Invok: Heroism           |       |       |     2 |    10 |     3 ||    15
Evoke: Wand              |       |     4 |       |     4 |     6 ||    14
  Use: Scroll            |       |     2 |    11 |     6 |    17 ||    36
 Stab: Distracted        |       |       |       |       |     1 ||     1
  Eat: Chunk             |       |     8 |    16 |    29 |    23 ||    76
       Royal jelly       |       |       |       |       |     1 ||     1
       Beef jerky        |       |       |       |       |     4 ||     4
Armor: Scale mail        |    55 |   116 |   201 |   459 |   227 ||  1058
       Quicksilver drago |       |       |       |       |   122 ||   122
Dodge: Dodged            |    33 |    77 |   136 |   354 |   373 ||   973
Block: Shield            |    50 |   156 |   285 |   619 |   942 ||  2052
       Reflection        |       |       |       |       |     2 ||     2
